 Dungeon Crawl Stone Soup version 0.29.1-12-g30fa7ad0bf (webtiles) character file.

Game seed: 2177595753989086870

3370 fantasyman the Cleaver (level 9, -4/79 HPs)
             Began as a Minotaur Fighter on Dec 19, 2022.
             Was a Follower of the Shining One.
             Slain by a hornet (5 damage)
             ... on level 8 of the Dungeon.
             The game lasted 00:07:49 (7590 turns).

fantasyman the Cleaver (Minotaur Fighter)           Turns: 7590, Time: 00:07:50

Health: -4/79      AC: 16    Str: 25    XL:     9   Next: 73%
Magic:  0/8        EV:  7    Int:  5    God:    the Shining One [*.....]
Gold:   335        SH:  0    Dex: 10    Spells: 8/8 levels left

rFire   . . .      SeeInvis .   A - +4 battleaxe
rCold   . . .      Faith    .   (shield currently unavailable)
rNeg    . . .      Spirit   +   p - +1 plate armour
rPois   .          Reflect  .   (helmet restricted)
rElec   .          Harm     .   y - +0 cloak
rCorr   .          Rampage  .   (no gloves)
Will    .....                   (no boots)
Stlth   ..........              w - amulet of guardian spirit
HPRegen 0.23/turn               (no ring)
MPRegen 0.11/turn               (no ring)

@: mighty, lethally poisoned (-4 -> -9), about to teleport, slowed, glowing,
very slow
A: horns 2, retaliatory headbutt
a: Renounce Religion, Divine Shield


You were on level 8 of the Dungeon.
You worshipped the Shining One.
The Shining One was aware of your devotion.
You visited 2 branches of the dungeon, and saw 9 of its levels.
You also visited: Sewer.

You collected 335 gold pieces.

Inventory:

Hand Weapons
 a - a +1 war axe of protection
 A - a +4 battleaxe (weapon)
Missiles
 b - 2 throwing nets (quivered)
Armour
 c - a +0 buckler
 p - a +1 plate armour (worn)
 y - a +0 cloak (worn)
Jewellery
 w - an amulet of guardian spirit (around neck)
Wands
 r - a wand of iceblast (9)
Scrolls
 g - 2 scrolls of noise
 h - a scroll of enchant armour
 i - 6 scrolls of teleportation
 k - 3 scrolls of brand weapon
 l - 3 scrolls of identify
 n - 2 scrolls of amnesia
 u - a scroll of fear
 v - a scroll of butterflies
 z - a scroll of summoning {unknown}
Potions
 d - 2 potions of might
 e - 2 potions of flight
 f - a potion of attraction
 j - 5 potions of curing
 m - a potion of heal wounds {unknown}
 o - a potion of mutation {unknown}
 q - a potion of invisibility {unknown}
 s - a potion of resistance {unknown}
 x - a potion of degeneration {unknown}


   Skills:
 + Level 7.4 Fighting
 + Level 11.8 Axes
 + Level 9.2 Armour
 - Level 1.3 Dodging
 + Level 0.1 Stealth
 - Level 5.9 Shields


You had 8 spell levels left.
You didn't know any spells.
Your spell library contained the following spells:

 Spells                   Type           Power      Damage    Failure   Level
 Poisonous Vapours        Pois/Air       0%         N/A       100%        2
 Sublimation of Blood     Necr           0%         N/A       100%        2
 Wereblood                Tmut           0%         N/A       100%        2
 Corpse Rot               Necr/Pois/Air  0%         N/A       100%        4
 Petrify                  Tmut/Erth      0%         N/A       100%        4
 Metabolic Englaciation   Hex/Ice        0%         N/A       100%        5
 Statue Form              Tmut/Erth      0%         N/A       100%        6
 Summon Hydra             Summ           0%         N/A       100%        7


Dungeon Overview and Level Annotations

Branches:
Dungeon (8/15)             Temple (1/1) D:5           Sewer (visited)
   Lair: D:8-11

Altars:
Ashenzari
Cheibriados
Elyvilon
Fedhas
Gozag
Hepliaklqana
Kikubaaqudgha
Makhleb
Okawaru
Qazlal
Ru
Sif Muna
Trog
Uskayaw
Vehumet
Wu Jian
Xom
Yredelemnul
Zin
The Shining One

Shops:
D:4 *   D:5 *

Annotations:
D:2 Jessica


Innate Abilities, Weirdness & Mutations

You have a pair of horns on your head.
You reflexively headbutt those who attack you in melee.


Message History

You are too injured to fight recklessly!
Unknown command.
You slash the hornet!
The hornet is heavily wounded.
You feel extremely sick. The hornet stings you!
* * * LOW HITPOINT WARNING * * *
You feel as though you will be slow longer.
The hornet stings you but does no damage.
You barely miss the hornet.
The hornet is heavily wounded.
You feel very sick.
The hornet stings you but does no damage. x2
The hornet stings you.
* * * LOW HITPOINT WARNING * * *
You feel as though you will be slow longer.
You feel very mighty all of a sudden.
You feel very sick. The hornet stings you!
* * * LOW HITPOINT WARNING * * *
You feel as though you will be slow longer.
The hornet stings you but does no damage.
You closely miss the hornet.
The hornet is heavily wounded.
* * * LOW HITPOINT WARNING * * *
You feel very sick.
The hornet stings you but does no damage. x2
The hornet closely misses you.
You feel better.
The hornet stings you but does no damage.
The hornet stings you!
* * * LOW HITPOINT WARNING * * *
You are lethally poisoned!
You feel as though you will be slow longer.
As you read the scroll of teleportation, it crumbles to dust.
You feel strangely unstable.
* * * LOW HITPOINT WARNING * * *
You feel very sick. The hornet stings you!
You die...

## ### . ..#
#(#.# ####.#y#
#.....@# .
#..###..####....
#......<.....#
##.##.........>
# #..###...#.
#..# .... #...
... ##.# #. #..


You could see a hornet.

Vanquished Creatures
  Sigmund (D:6)
  Eustachio (D:6)
  A water moccasin (D:6)
  3 black bears
  4 orc warriors
  3 ice beasts
  A sky beast (D:7)
  2 ogres (D:5)
  3 centaurs
  4 phantoms
  A necrophage (D:5)
  A scorpion (D:6)
  8 wights (D:7)
  3 killer bees (D:7)
  A jelly (D:7)
  Crazy Yiuf (D:5)
  4 orc priests
  2 iguanas
  5 orc wizards
  A hell rat (Sewer)
  8 adders
  A river rat (D:3)
  2 white imps
  5 worms
  A dart slug (D:2)
  21 orcs
  3 ball pythons
  8 endoplasms
  3 giant cockroaches
  6 goblins
  3 hobgoblins
  5 jackals (D:5)
  4 quokkas
  3 bats
  4 frilled lizards
  7 kobolds
  8 rats
142 creatures vanquished.

Notes
Turn   | Place    | Note
-------+----------+-------------------------------------------
     0 | D:1      | fantasyman the Minotaur Fighter began the quest for the
                  | Orb.
     0 | D:1      | Reached XP level 1. HP: 19/19 MP: 0/0
   127 | D:1      | Reached XP level 2. HP: 27/27 MP: 1/1
  1014 | D:2      | Reached XP level 3. HP: 30/33 MP: 2/2
  1253 | D:2      | Noticed Jessica
  1478 | D:3      | Reached skill level 3 in Axes
  1864 | D:3      | Found a glowing drain.
  1885 | D:3      | Reached XP level 4. HP: 26/41 MP: 3/3
  1893 | Sewer    | Entered a sewer
  2160 | D:3      | Reached skill level 4 in Axes
  2534 | D:4      | Found a stormy altar of Qazlal.
  2534 | D:4      | Found an ornate altar of the Wu Jian Council.
  2603 | D:4      | Noticed a phantom
  2610 | D:4      | Killed a phantom
  2611 | D:4      | Reached XP level 5. HP: 46/47 MP: 4/4
  2798 | D:4      | Found Nid Dadejonn's Elemental Accessories.
  2860 | D:4      | Reached skill level 5 in Axes
  3102 | D:4      | Noticed a phantom
  3111 | D:4      | Killed a phantom
  3112 | D:4      | Reached skill level 5 in Armour
  3112 | D:4      | Reached XP level 6. HP: 49/53 MP: 5/5
  3575 | D:5      | Entered Level 5 of the Dungeon
  3587 | D:5      | Reached skill level 6 in Axes
  3727 | D:5      | Noticed an orc warrior
  3764 | D:6      | Reached XP level 7. HP: 51/60 MP: 6/6
  3837 | D:6      | Reached skill level 5 in Fighting
  3837 | D:6      | Reached skill level 7 in Axes
  4065 | D:6      | Noticed Sigmund
  4081 | D:6      | Killed Sigmund
  4082 | D:6      | Reached skill level 8 in Axes
  4201 | D:6      | Reached skill level 5 in Shields
  4201 | D:6      | Reached XP level 8. HP: 55/69 MP: 7/7
  4293 | D:6      | Reached skill level 1 in Dodging
  4714 | D:6      | Reached skill level 9 in Axes
  4728 | D:6      | Noticed Eustachio
  4739 | D:6      | Killed Eustachio
  5148 | D:5      | Reached skill level 10 in Axes
  5515 | D:5      | Found a runed translucent door.
  5516 | D:5      | Noticed Crazy Yiuf
  5698 | D:5      | Reached XP level 9. HP: 62/78 MP: 8/8
  5799 | D:5      | Found Aseerur's Fire Supplies.
  5922 | D:5      | Found a staircase to the Ecumenical Temple.
  6101 | Temple   | Entered the Ecumenical Temple
  6192 | Temple   | Became a worshipper of the Shining One
  6500 | D:5      | Killed Crazy Yiuf
  6953 | D:7      | Reached skill level 11 in Axes
  7438 | D:7      | Reached * piety under the Shining One
  7495 | D:7      | Found a shimmering blue altar of Sif Muna.
  7580 | D:8      | Paralysed by a hornet for 2 turns
  7590 | D:8      | HP: 1/79 [poisoned by a hornet]
  7590 | D:8      | Slain by a hornet

Illustrated notes

Levels and vault maps discovered:
D:1:      tarquinn_simple_flora_water_b, layout_basic
D:2:      layout_loops_ring, shapermc_ecumenical_altar_mp_vishouse,
          serial_bayou_pond_e, uniq_jessica
D:3:      layout_basic, cheibrodos_sewer_entry_bend
D:4:      layout_basic, gammafunk_temple_overflow_statue, serial_bayou_ford_a,
          nicolae_elemental_shop, grunt_ministairs_10
D:5:      layout_loops_ring, minmay_temple_entry_overgrown, nrook_loot_triangle,
          nicolae_shop_fire_sale [nicolae_sub_dead_trees],
          dreamdust_wishing_well, minmay_hedge_maze, minmay_checkerbox,
          uniq_crazy_yiuf_cottage
D:6:      layout_loops_ring, minmay_misc_feat_tower, uniq_sigmund,
          uniq_eustachio
D:7:      layout_loops_cross, mainiacjoe_overflow_alcove_2
D:8:      minmay_spotlight, layout_loops_ring, serial_shops, nicolae_shop_trees,
          mrwooster_statue_mirror, uniq_maurice
Temple:   minmay_temple_bridge_d

Skill      XL: |  1  2  3  4  5  6  7  8  9 |
---------------+----------------------------+-----
Armour         | 4 5 6 7 9 |  9.2
Shields        | 4 5 |  5.9
Fighting       | 4 5 6 7 |  7.4
Axes           | 3 4 5 6 8 10 11 | 11.8
Dodging        | 1 |  1.3
Stealth        | |  0.1

Action                   |  1- 3 |  4- 6 |  7- 9 || total
-------------------------+-------+-------+-------++-------
Melee: War axe           |    94 |    87 |   139 ||   320
       Headbutt          |     7 |    15 |    46 ||    68
       Battleaxe         |       |       |    82 ||    82
  Use: Scroll            |     5 |     6 |     3 ||    14
       Potion            |       |       |     2 ||     2
Armor: Scale mail        |     3 |       |       ||     3
       Chain mail        |    53 |    53 |    17 ||   123
       Plate armour      |       |       |   127 ||   127
Dodge: Dodged            |    47 |    40 |    67 ||   154
Block: Buckler           |    20 |    20 |    29 ||    69
